 Dungeon Crawl Stone Soup version 0.28-a0-674-gdaf460b524 (webtiles) character file.

Game seed: 16881296305685677547

37 DarkMailMan the Gusty (level 3, -1/19 HPs)
             Began as a Deep Elf Air Elementalist on Oct 17, 2021.
             Slain by an orc wizard (2 damage)
             ... on level 2 of the Dungeon.
             The game lasted 00:04:05 (1604 turns).

DarkMailMan the Gusty (Deep Elf Air Elementalist)   Turns: 1604, Time: 00:04:05

Health: -1/19      AC:  2    Str:  5    XL:     3   Next: 23%
Magic:  1/10       EV: 13    Int: 20    God:
Gold:   108        SH:  0    Dex: 15    Spells: 6/9 levels left

rFire   . . .      SeeInvis .   g - staff of conjuration
rCold   . . .      Faith    .   (no shield)
rNeg    . . .      Spirit   .   a - +0 robe
rPois   +          Reflect  .   (no helmet)
rElec   .          Harm     .   (no cloak)
rCorr   .          Rampage  .   (no gloves)
Will    .....                   (no boots)
Stlth   +.........              (no amulet)
HPRegen 0.06/turn               d - ring of poison resistance
MPRegen 0.12/turn               f - +4 ring of slaying

@: confused
A: no striking features
a: no special abilities


You were on level 2 of the Dungeon.
You visited 1 branch of the dungeon, and saw 2 of its levels.

You collected 108 gold pieces.

Inventory:

Armour
 a - a +0 robe (worn)
Magical Staves
 g - a staff of conjuration (weapon)
Jewellery
 d - a ring of poison resistance (left hand)
 f - a +4 ring of slaying (right hand)
Scrolls
 c - a scroll of identify
Potions
 b - a potion of might {unknown}
 e - a potion of curing


   Skills:
 + Level 2.7 Dodging
 + Level 2.5 Stealth
 + Level 3.5 Spellcasting
 + Level 1.6 Conjurations
 + Level 3.7 Air Magic


You had 6 spell levels left.
You knew the following spells:

 Your Spells              Type           Power      Damage    Failure   Level
a - Shock                 Conj/Air       84%        1d8       4%          1
b - Static Discharge      Conj/Air       21%        N/A       7%          2

Your spell library contained the following spells:

 Spells                   Type           Power      Damage    Failure   Level
 Swiftness                Air            18%        N/A       9%          3
 Airstrike                Air            9%         N/A       28%         4
 Call Canine Familiar     Summ           3%         N/A       38%         3
 Spider Form              Tmut/Pois      1%         N/A       38%         3
 Olgreb's Toxic Radiance  Pois           3%         N/A       80%         4
 Dispersal                Tloc           1%         N/A       100%        6
 Disjunction              Tloc           1%         N/A       100%        8


Dungeon Overview and Level Annotations

Branches:
Dungeon (2/15)

Altars:


Message History

You can't see any susceptible monsters within range! (Use Z to cast anyway.)
Casting: Shock (safe; 4% risk of failure)
Confirm with . or Enter, or press ? or * to list all spells.
You don't know that spell.
Casting: Shock (safe; 4% risk of failure)
Confirm with . or Enter, or press ? or * to list all spells.
You don't know that spell.
Casting: Shock (safe; 4% risk of failure)
Confirm with . or Enter, or press ? or * to list all spells.
You don't know that spell.
Casting: Shock (safe; 4% risk of failure)
Confirm with . or Enter, or press ? or * to list all spells.
You don't know that spell.
Casting: Shock (safe; 4% risk of failure)
Confirm with . or Enter, or press ? or * to list all spells.
You can't see any susceptible monsters within range! (Use Z to cast anyway.)
Casting: Shock (safe; 4% risk of failure)
Confirm with . or Enter, or press ? or * to list all spells.
Aiming: Shock (safe; 4% risk of failure)
Press: ? - help, Shift-Dir - straight line You feel a surge of power!
Something hits you.
Casting: Shock (safe; 4% risk of failure)
Confirm with . or Enter, or press ? or * to list all spells.
You don't have enough magic to cast this spell.
You closely miss something. Something hits you but does no damage.
You closely miss something.
You hear some strange, mumbled words.
You are confused.
You bump into the rock wall.
Something hits you.
* * * LOW HITPOINT WARNING * * *
You bump into the rock wall.
You hear some strange, mumbled words.
Something tries to affect you, but you resist.
You closely miss something.
You hear some strange, mumbled words.
A puff of flame appears from out of thin air!
The puff of flame misses you. Something hits you.
* * * LOW HITPOINT WARNING * * *
You closely miss something. Something hits you.
You die...

...........)...
######...####...
###....###..#
#..##........##.##
#..#..######..#..#
#.##.##....##.##.#
#.#..#...)..#..#.#
#.#..#.(##..#..#{#
#.#..#.(##.....#@#
#.#
..#..#.........#.#
#.#
..##.##.......##.#
#.#
#..#..######†.#..#
#.#
##.##........##.##
#.#
#..###.........#
#.#
##...###.......#
#.# ##
#####........##.#
#.# #.
...########.###.#
#.######.


There were no monsters in sight!

Vanquished Creatures
  3 orcs (D:2)
  A ball python (D:1)
  2 bats
  3 endoplasms
  2 giant cockroaches (D:2)
  2 hobgoblins
  6 jackals (D:1)
  A quokka (D:2)
  A frilled lizard (D:1)
  3 goblins
  3 kobolds
  3 rats
30 creatures vanquished.

Vanquished Creatures (others)
  7 demonic plants (D:1)
  A plant (D:1)
  5 withered plants (D:1)
13 creatures vanquished.

Grand Total: 43 creatures vanquished

Notes
Turn   | Place    | Note
-------+----------+-------------------------------------------
     0 | D:1      | DarkMailMan the Deep Elf Air Elementalist began the quest
                  | for the Orb.
     0 | D:1      | Reached XP level 1. HP: 10/10 MP: 6/6
   279 | D:1      | Reached XP level 2. HP: 6/15 MP: 0/8
   534 | D:1      | Got the Collected Works on the Nocuous Escort
   672 | D:1      | Found a faded altar of an unknown god.
  1451 | D:2      | Reached XP level 3. HP: 19/19 MP: 0/10
  1503 | D:2      | Learned a level 2 spell: Static Discharge
  1604 | D:2      | Slain by an orc wizard

Illustrated notes

Levels and vault maps discovered:
D:1:      evilmike_arrival_hilbert_curve, layout_rooms,
          shapermc_ecumenical_altar_gd, minmay_misc_feat_alley,
          chequers_serial_rivers_room_b
D:2:      layout_loops_ring, minmay_randomly_rotated_circles

Action                   || total
-------------------------++-------
Melee: Unarmed           ||     7
       Staff             ||     4
 Cast: Shock             ||    54
  Use: Scroll            ||     2
Armor: Robe              ||     4
Dodge: Dodged            ||    16

Table legend: (Time is in decaauts)
 A = Elapsed time spent in this place.
 B = Non-inter-level travel time spent in this place.
 C = Inter-level travel time spent in this place.
 D = Time resting spent in this place.
 E = Time spent auto-exploring this place.
 F = Levels seen in this place.
 G = Mean time per level.
                   A        B        C        D        E       F      G
               +--------+--------+--------+--------+--------+-----+--------+
         Total |   1606 |   1606 |      0 |    483 |    852 |   2 |  803.0 |
       Dungeon |   1606 |   1606 |      0 |    483 |    852 |   2 |  803.0 |
               +--------+--------+--------+--------+--------+-----+--------+

Top non-repeatable levels by time:
     D:1: 1082 daAuts
     D:2: 523 daAuts
